 Dungeon Crawl Stone Soup version 0.29.1-1-gd02db6906a (webtiles) character file.

Game seed: 7452233449159403081

460 xian the Gusty (level 6, -4/42 HPs)
             Began as a Demonspawn Air Elementalist on Sept 16, 2022.
             Was an Initiate of Nemelex Xobeh.
             Slain by an iguana (8 damage)
             ... on level 5 of the Dungeon.
             The game lasted 00:07:17 (5213 turns).

xian the Gusty (Demonspawn Air Elementalist)        Turns: 5213, Time: 00:07:18

Health: -4/42      AC:  1    Str:  8    XL:     6   Next: 78%
Magic:  7/11       EV: 12    Int: 21    God:    Nemelex Xobeh [......]
Gold:   134        SH:  0    Dex: 13    Spells: 9/12 levels left

rFire   . . .      SeeInvis .   n - +4 hand axe "Qain" {freeze, Fragile rC++ rN+ Int+2}
rCold   + + .      Faith    .   (no shield)
rNeg    + . .      Spirit   .   (no body armour)
rPois   .          Reflect  .   (helmet restricted)
rElec   .          Harm     .   (no cloak)
rCorr   .          Rampage  .   (no gloves)
Will    .....                   a - +0 pair of boots
Stlth   ++........              d - amulet of the acrobat
HPRegen 0.14/turn               (no ring)
MPRegen 0.12/turn               (no ring)

@: lethally poisoned (-4 -> -11)
A: antennae 1, ignite blood 1, weakness stinger 1, demonic touch 1
a: Renounce Religion, Draw Escape, Draw Destruction, Draw Summoning


You were on level 5 of the Dungeon.
You worshipped Nemelex Xobeh.
Nemelex Xobeh was noncommittal.
You visited 2 branches of the dungeon, and saw 6 of its levels.

You collected 134 gold pieces.

Inventory:

Hand Weapons
 n - the +4 hand axe "Qain" (weapon) {freeze, Fragile rC++ rN+ Int+2}
   (You found it on level 2 of the Dungeon)

   It freezes those it strikes, dealing additional cold damage.
   It can also slow down cold-blooded creatures.
   Int:       It affects your intelligence (+2).
   rC:        It greatly protects you from cold.
   rN:        It protects you from negative energy.
   Fragile:   It will be destroyed if unequipped.
 x - the +2 hand axe "Meahip" {spect, rCorr}
   (You found it on level 4 of the Dungeon)

   When its wielder attacks, the weapon's spirit leaps out and strikes again.
   The spirit shares a part of any damage it takes with its wielder.
   rCorr:     It protects you from acid and corrosion.
Armour
 a - a +0 pair of boots (worn)
 r - the +2 robe of Niboll {rF+ Will+ Int-4}
   (You found it on level 3 of the Dungeon)

   Int:       It affects your intelligence (-4).
   rF:        It protects you from fire.
   Will:      It increases your willpower.
 t - a +3 leather armour
Jewellery
 d - an amulet of the acrobat (around neck)
Wands
 s - a wand of digging (5)
 y - a wand of flame (19)
Scrolls
 c - 2 scrolls of butterflies {unknown}
 e - 4 scrolls of blinking {unknown}
 f - 5 scrolls of identify {unknown}
 h - a scroll of fear {unknown}
 i - a scroll of enchant armour {unknown}
 l - 4 scrolls of teleportation {unknown}
 o - a scroll of amnesia {unknown}
 q - 2 scrolls of poison {unknown}
 z - a scroll of vulnerability {unknown}
Potions
 b - a potion of magic
 g - 2 potions of haste {unknown}
 j - a potion of might {unknown}
 k - 4 potions of curing
 m - a potion of heal wounds {unknown}
 p - a potion of flight {unknown}
 u - a potion of resistance {unknown}
 v - a potion of berserk rage {unknown}
 w - a potion of lignification {unknown}


   Skills:
 + Level 0.9 Fighting
 + Level 1.3 Axes
 + Level 2.4 Dodging
 + Level 2.3 Stealth
 + Level 3.8 Spellcasting
 + Level 3.2 Conjurations
 + Level 4.4 Air Magic


You had 9 spell levels left.
You knew the following spells:

 Your Spells              Type           Power      Damage    Failure   Level
a - Shock                 Conj/Air       80%        1d8       2%          1
b - Static Discharge      Conj/Air       20%        3-6/arc   3%          2

Your spell library contained the following spells:

 Spells                   Type           Power      Damage    Failure   Level
 Foxfire                  Conj/Fire      40%        2x1d6     6%          1
 Swiftness                Air            22%        N/A       6%          3
 Conjure Flame            Conj/Fire      10%        6-21      19%         3
 Airstrike                Air            11%        2d(2-18)  19%         4
 Inner Flame              Hex/Fire       4%         N/A       36%         3
 Flame Wave               Conj/Fire      10%        2d6       54%         4
 Cause Fear               Hex            2%         N/A       77%         4
 Dragon Form              Tmut           2%         N/A       100%        7
 Dragon's Call            Summ           2%         N/A       100%        9


Dungeon Overview and Level Annotations

Branches:
Dungeon (5/15)             Temple (1/1) D:4

Altars:
Ashenzari
Dithmenos
Gozag
Kikubaaqudgha
Makhleb
Nemelex Xobeh
Qazlal
Uskayaw
Wu Jian
Xom
Yredelemnul

Shops:
D:2 (   D:3 [

Annotations:
D:3 3 runed translucent doors, GigaChad's ghost, weakling MiFi
D:4 2 runed translucent doors, sizableburger's ghost, weakling NaEE


Innate Abilities, Weirdness & Mutations

You have a pair of small antennae on your head.
Your demonic aura sometimes causes spilled blood to erupt in flames.
You have a small tail.
Your touch may inflict minor irresistible damage on your foes.


Message History

You see here a hound corpse.
You sense a monster nearby.
You open the door.
An iguana and a scorpion come into view.
Found a scroll labelled JUEN XI LARCH.
There is an open door here.
The helpless scorpion fails to defend itself.
You hit the scorpion. You freeze the scorpion.
The scorpion is lightly wounded.
The iguana hisses angrily.
The scorpion barely misses you.
You hit the scorpion but do no damage.
The scorpion is lightly wounded.
The scorpion closely misses you. The scorpion completely misses you.
You barely miss the scorpion. Your touch misses the scorpion.
The scorpion is lightly wounded.
You hit the iguana.
The iguana seems to slow down.
You freeze the iguana.
The iguana is no longer moving slowly.
The iguana bites you! The scorpion stings you.
You are poisoned.
The scorpion poisons you!
Casting: Shock (safe; 2% risk of failure)
Confirm with . or Enter, or press ? or * to list all spells.
The scorpion is struck by an arc of lightning.
The scorpion is moderately wounded.
You are struck by an arc of lightning.
The lightning grounds out.
You feel very sick. The scorpion stings you! The iguana bites you!
* * * LOW HITPOINT WARNING * * *
Casting: Static Discharge (safe; 3% risk of failure)
Confirm with . or Enter, or press ? or * to list all spells.
The scorpion is struck by an arc of lightning.
The scorpion is heavily wounded.
The iguana is struck by an arc of lightning.
The iguana is heavily wounded.
The lightning grounds out.
* * * LOW HITPOINT WARNING * * *
You feel sick. The scorpion barely misses you. The iguana bites you!
You die...
Your body disappears without a glow.

............##'##....
##.......†..##.##....
...#######..##.##...#
............##.##...#
.....####...##.###...
.. #.?#...##.# .##
#.##...#......+
#.#l..##......#
+#.#@s##.......#
..###...###..........
......8..............
..###...###.....##...
+#.#+{##....# ..≈ #.
##...# .≈ #. #...# ..
#..... .. ...##


You could see a scorpion and an iguana.

Vanquished Creatures
  An ogre (D:4)
  An ice beast (D:5)
  A hound (D:5)
  An orc priest (D:5)
  2 orc wizards
  7 adders
  3 worms
  3 dart slugs
  13 orcs
  4 bats
  4 endoplasms
  13 giant cockroaches
  7 goblins
  6 hobgoblins
  4 jackals (D:4)
  5 kobolds
  2 quokkas
  5 ball pythons
  2 frilled lizards
  2 rats (D:1)
86 creatures vanquished.

Vanquished Creatures (others)
  4 plants (D:3)
4 creatures vanquished.

Grand Total: 90 creatures vanquished

Notes
Turn   | Place    | Note
-------+----------+-------------------------------------------
     0 | D:1      | xian the Demonspawn Air Elementalist began the quest for
                  | the Orb.
     0 | D:1      | Reached XP level 1. HP: 13/13 MP: 3/3
   177 | D:1      | Reached skill level 3 in Air Magic
   536 | D:1      | Discovered your monstrous ancestry.
   536 | D:1      | Gained mutation: You have a pair of small antennae on your
                  | head. [demonic ancestry]
   536 | D:1      | Reached XP level 2. HP: 19/19 MP: 3/5
  1172 | D:2      | Reached XP level 3. HP: 24/24 MP: 1/6
  1288 | D:2      | Found a faded altar of an unknown god.
  1311 | D:2      | Identified the +4 hand axe "Qain" {freeze, Fragile rC++ rN+
                  | Int+2}
  1915 | D:2      | Found Zeohasky's Antique Weapon Shoppe.
  2224 | D:3      | Found a broken altar of Ashenzari.
  2246 | D:3      | Gained mutation: You have a small tail. [demonic ancestry]
  2246 | D:3      | Reached XP level 4. HP: 30/30 MP: 3/7
  2364 | D:3      | Learned a level 2 spell: Static Discharge
  2381 | D:3      | Identified the +2 robe of Niboll {rF+ Will+ Int-4}
  2408 | D:3      | Found a runed translucent gate.
  2409 | D:3      | Found a runed translucent gate.
  2410 | D:3      | Found a runed translucent gate.
  2411 | D:3      | Noticed GigaChad's ghost (weakling MiFi)
  2412 | D:3      | Noticed a kobold brigand
  2635 | D:3      | Found Laush's Antique Armour Emporium.
  3054 | D:3      | Found an ancient bone altar of Kikubaaqudgha.
  3058 | D:3      | Found a burning altar of Makhleb.
  3472 | D:4      | Found a large runed translucent door.
  3472 | D:4      | Found a large runed translucent door.
  3473 | D:4      | Identified the +2 hand axe "Meahip" {spect, rCorr}
  3473 | D:4      | Noticed sizableburger's ghost (weakling NaEE)
  3497 | D:4      | Gained mutation: Your demonic aura sometimes causes spilled
                  | blood to erupt in flames. [demonic ancestry]
  3497 | D:4      | Reached XP level 5. HP: 35/35 MP: 4/9
  3563 | D:4      | Reached skill level 1 in Axes
  3711 | D:4      | Reached skill level 4 in Air Magic
  4014 | D:4      | Noticed an ogre
  4020 | D:4      | Killed an ogre
  4433 | D:4      | Found a staircase to the Ecumenical Temple.
  4440 | Temple   | Entered the Ecumenical Temple
  4448 | Temple   | Became a worshipper of Nemelex Xobeh the Trickster
  4602 | D:4      | Gained mutation: Your touch may inflict minor irresistible
                  | damage on your foes. [demonic ancestry]
  4602 | D:4      | Reached XP level 6. HP: 42/42 MP: 6/11
  4697 | D:4      | Noticed a steam dragon
  4768 | D:5      | Entered Level 5 of the Dungeon
  4853 | D:5      | Noticed an ice beast
  4865 | D:5      | Killed an ice beast
  5213 | D:5      | Slain by an iguana

Illustrated notes

Levels and vault maps discovered:
D:1:      dpeg_arrival_erosion, layout_loops_cross, st_stairs_14
D:2:      layout_basic, serial_shops, nicolae_lakefront_shop,
          shapermc_ecumenical_altar_mp_urbaneastern
D:3:      minmay_roachtagon, layout_basic, gammafunk_temple_overflow_forgotten,
          serial_shops, shop, gammafunk_ghost_nasty_kobolds, minmay_surrounded
D:4:      nicolae_cairo_tiling_very_big, layout_rooms,
          ebering_ghost_disaster_area, lightli_corner_chamber
D:5:      cheibrodos_barr_body, layout_basic, gammafunk_ghost_gnarly_gnolls,
          uniq_sigmund
Temple:   nicolae_temple_bog_church

Skill      XL: |  1  2  3  4  5  6 |
---------------+-------------------+-----
Air Magic      | 3 4 |  4.4
Dodging        | 2 |  2.4
Stealth        | 2 |  2.3
Conjurations   | 2 3 |  3.2
Axes           | 1 |  1.3
Spellcasting   | 3 |  3.8
Fighting       | |  0.9

Action                   |  1- 3 |  4- 6 || total
-------------------------+-------+-------++-------
Melee: Dagger            |     5 |       ||     5
       Hand axe          |     7 |    48 ||    55
       Tailslap          |       |     1 ||     1
       Touch             |       |     2 ||     2
 Cast: Shock             |    57 |   104 ||   161
       Static Discharge  |       |     7 ||     7
  Use: Potion            |       |     1 ||     1
 Stab: Sleeping          |       |     1 ||     1
Armor: Robe              |     3 |     5 ||     8
       Skin              |       |     1 ||     1
Dodge: Dodged            |     8 |    63 ||    71
